 Dungeon Crawl Stone Soup version 0.28.0-45-g0d030f2227 (webtiles) character file.

Game seed: 18325457015434824140

27 Ablot the Grasshopper (level 3, -3/31 HPs)
             Began as a Gnoll Warper on Apr 10, 2022.
             Slain by Terence
             ... wielding a +0 falchion
              (6 damage)
             ... on level 2 of the Dungeon.
             The game lasted 00:01:03 (1110 turns).

Ablot the Grasshopper (Gnoll Warper)                Turns: 1110, Time: 00:01:03

Health: -3/31      AC:  4    Str: 12    XL:     3   Next: 10%
Magic:  9/9        EV: 12    Int: 12    God:
Gold:   54         SH:  0    Dex: 11    Spells: 12/12 levels left

rFire   . . .      SeeInvis .   a - +0 spear
rCold   . . .      Faith    .   (no shield)
rNeg    . . .      Spirit   .   b - +0 leather armour
rPois   .          Reflect  .   j - +0 helmet
rElec   .          Harm     .   (no cloak)
rCorr   .          Rampage  .   (no gloves)
Will    .....                   (no boots)
Stlth   +.........              (no amulet)
HPRegen 0.10/turn               (no ring)
MPRegen 0.11/turn               (no ring)

@: no status effects
A: fangs 1, strong nose, distributed training
a: no special abilities


You were on level 2 of the Dungeon.
You visited 1 branch of the dungeon, and saw 2 of its levels.

You collected 54 gold pieces.

Inventory:

Hand Weapons
 a - a +0 spear (weapon)
 l - a +3 dagger
Missiles
 d - 5 boomerangs of dispersal
 e - 25 arrows
 m - 47 stones
 n - 3 boomerangs (quivered)
Armour
 b - a +0 leather armour (worn)
 j - a +0 helmet (worn)
Scrolls
 c - a scroll of blinking
 f - a scroll of holy word {unknown}
 g - a scroll of fog {unknown}
 i - 2 scrolls of identify {unknown}
 k - a scroll of vulnerability {unknown}
Potions
 h - a potion of curing {unknown}
 o - a potion of haste {unknown}


   Skills:
 + Level 4.5 Fighting
 + Level 0.6 Short Blades
 + Level 0.6 Long Blades
 + Level 0.6 Axes
 + Level 0.6 Maces & Flails
 + Level 4.5 Polearms
 + Level 0.6 Staves
 + Level 0.6 Slings
 + Level 0.6 Bows
 + Level 0.6 Crossbows
 + Level 2.5 Throwing
 + Level 2.5 Armour
 + Level 4.5 Dodging
 + Level 0.6 Stealth
 + Level 0.6 Shields
 + Level 0.6 Unarmed Combat
 + Level 5.0 Spellcasting
 + Level 0.4 Conjurations
 + Level 0.4 Hexes
 + Level 0.4 Summonings
 + Level 0.4 Necromancy
 + Level 5.4 Translocations
 + Level 0.4 Transmutations
 + Level 0.4 Fire Magic
 + Level 0.4 Ice Magic
 + Level 0.4 Air Magic
 + Level 0.4 Earth Magic
 + Level 0.4 Poison Magic
 + Level 0.8 Invocations
 + Level 0.6 Evocations


You had 12 spell levels left.
You didn't know any spells.
Your spell library contained the following spells:

 Spells                   Type           Power      Damage    Failure   Level
 Blink                    Tloc           30%        N/A       4%          2
 Gell's Gravitas          Tloc           15%        N/A       9%          3
 Lesser Beckoning         Tloc           15%        N/A       9%          3
 Teleport Other           Tloc           15%        N/A       9%          3
 Manifold Assault         Tloc           15%        N/A       61%         5


Dungeon Overview and Level Annotations

Branches:
Dungeon (2/15)

Altars:

Annotations:
D:2 Terence


Innate Abilities, Weirdness & Mutations

You have very sharp teeth.
Your uncanny sense of smell can sniff out nearby items.
Your experience applies equally to all skills.


Message History

Terence misses you.
You hit Terence but do no damage. Your bite misses Terence.
Terence is heavily wounded.
Terence hits you with a +0 falchion!
You hit Terence. Your bite misses Terence.
Terence is heavily wounded.
Terence hits you with a +0 falchion.
You hit Terence but do no damage.
Terence is heavily wounded.
Terence hits you with a +0 falchion.
* * * LOW HITPOINT WARNING * * *
You hit Terence but do no damage.
Terence is heavily wounded.
The quokka bites you.
* * * LOW HITPOINT WARNING * * *
Terence hits you but does no damage.
You hit Terence but do no damage.
Terence is heavily wounded.
The quokka misses you. Terence hits you with a +0 falchion.
* * * LOW HITPOINT WARNING * * *
The quokka bites you but does no damage.
You hit Terence.
Terence is severely wounded.
Terence screams, "I'm going to kill you!"
Terence barely misses you. The quokka barely misses you.
You closely miss Terence. You bite Terence, but do no damage.
Terence is severely wounded.
The quokka bites you but does no damage.
Terence barely misses you.
You barely miss Terence. You bite Terence, but do no damage.
Terence is severely wounded.
The quokka bites you.
* * * LOW HITPOINT WARNING * * *
You hit Terence.
Terence is severely wounded.
Terence barely misses you. The quokka barely misses you.
You barely miss Terence.
Terence is severely wounded.
Terence hits you with a +0 falchion.
You die...

... ... ∆#.......... ...
# #.......... ...
#.#......... ...
#.#.......# ...
#.........# ..#
###.........### ###
##...$#.@........... #
.......!@#...# ... #
..#.....r#..# ..#
............## #.. .#
......##.....##..###.>
..................#... #
.........#......#.....#
#
.##...####.###<....#..#
#
#...................###
#.....###.###...........


You could see Terence and a quokka.

Vanquished Creatures
  An adder (D:2)
  3 bats
  An endoplasm (D:2)
  A goblin (D:1)
  A hobgoblin (D:1)
  2 kobolds
  2 quokkas (D:1)
  4 ball pythons
  4 rats
19 creatures vanquished.

Notes
Turn   | Place    | Note
-------+----------+-------------------------------------------
     0 | D:1      | Ablot the Gnoll Warper began the quest for the Orb.
     0 | D:1      | Reached XP level 1. HP: 20/20 MP: 6/6
   299 | D:1      | Found a faded altar of an unknown god.
   318 | D:1      | Reached XP level 2. HP: 26/26 MP: 7/7
   929 | D:2      | Reached XP level 3. HP: 27/31 MP: 9/9
  1000 | D:2      | Reached skill level 5 in Spellcasting
  1090 | D:2      | Noticed Terence
  1110 | D:2      | Slain by Terence

Illustrated notes

Levels and vault maps discovered:
D:1:      dpeg_arrival_more_subterranean_lakeside_camping, layout_basic,
          chequers_ecumenical_altar_island
D:2:      layout_rooms, uniq_terence

Skill      XL: |  1  2  3 |
---------------+----------+-----
Spellcasting   | 5 |  5.0
Fighting       | |  4.5
Short Blades   | |  0.6
Long Blades    | |  0.6
Axes           | |  0.6
Maces & Flails | |  0.6
Polearms       | |  4.5
Staves         | |  0.6
Slings         | |  0.6
Bows           | |  0.6
Crossbows      | |  0.6
Throwing       | |  2.5
Armour         | |  2.5
Dodging        | |  4.5
Stealth        | |  0.6
Shields        | |  0.6
Unarmed Combat | |  0.6
Conjurations   | |  0.4
Hexes          | |  0.4
Summonings     | |  0.4
Necromancy     | |  0.4
Translocations | |  5.4
Transmutations | |  0.4
Fire Magic     | |  0.4
Ice Magic      | |  0.4
Air Magic      | |  0.4
Earth Magic    | |  0.4
Poison Magic   | |  0.4
Invocations    | |  0.8
Evocations     | |  0.6

Action                   || total
-------------------------++-------
Melee: Spear             ||   101
       Bite              ||     9
Throw: Boomerang         ||     4
Armor: Leather armour    ||    22
Dodge: Dodged            ||    62
